 Dungeon Crawl Stone Soup version 0.19-a0-997-gd62de01 (webtiles) character file.

36 AlphabetPasta the Grasshopper (level 3, 0/16 HPs)
             Began as a Felid Warper on July 17, 2016.
             Succumbed to an adder's poison
             ... on level 1 of the Dungeon.
             The game lasted 00:04:24 (1143 turns).

AlphabetPasta the Grasshopper (Felid Warper)        Turns: 1143, Time: 00:04:24

Health: 0/16       AC:  1    Str:  6 (7)  XL:     3   Next: 19%
Magic:  5/7        EV: 18    Int: 14 (15) God:
Gold:   28         SH:  0    Dex: 13 (15) Spells: 3 memorised, 1 level left
                                        Lives:  0   Deaths: 0

rFire  . . .     SeeInvis +       - Unarmed
rCold  . . .     Gourm    .     (armour unavailable)
rNeg   . . .     Faith    .     (shield unavailable)
rPois  .         Spirit   .     (helmet unavailable)
rElec  .         Dismiss  .     (cloak unavailable)
rCorr  .         Reflect  .     (gloves unavailable)
SustAt .         Harm     .     (boots unavailable)
MR     .....                    (no amulet)
Stlth  ++........               (no ring)
                                (no ring)

@: lethally poisoned (0 -> -2), very slightly contaminated, quick, not resistant
to hostile enchantments, unstealthy
A: no armour, no weapons or thrown items, claws 1, fangs 3, see invisible,
carnivore 3, speed 1, shaggy fur 1, slow metabolism 1, sharp paws
a: no special abilities


You were on level 1 of the Dungeon.
You were completely stuffed.

You visited 1 branch of the dungeon, and saw 2 of its levels.

You collected 28 gold pieces.

Inventory:

Scrolls
 b - a scroll of blinking
 d - a scroll of enchant armour {unknown}
 g - a scroll of identify {unknown}
Potions
 e - a potion of degeneration
Books
 a - a book of Spatial Translocations

   Spells                             Type                      Level
   a - Apportation                    Translocation                1
   b - Blink                          Translocation                2
   c - Shroud of Golubria             Charms/Translocation         2
   d - Portal Projectile              Translocation                3
   e - Teleport Other                 Translocation                3
   f - Passage of Golubria            Translocation                4
Comestibles
 c - a meat ration


   Skills:
 + Level 2.4 Fighting
 + Level 3.4 Dodging
 + Level 1.1 Stealth
 + Level 2.4 Unarmed Combat
 + Level 2.2 Spellcasting
 + Level 4.7 Translocations


You had one spell level left.
You knew the following spells:

 Your Spells              Type           Power        Failure   Level  Hunger
a - Apportation           Tloc           ##........   3%          1    #......
b - Blink                 Tloc           N/A          6%          2    ###....
c - Shroud of Golubria    Chrm/Tloc      #.........   17%         2    ###....


Dungeon Overview and Level Annotations

Branches:
Dungeon (2/15)

Altars:
Okawaru


Innate Abilities, Weirdness & Mutations

You cannot wear armour.
You are incapable of wielding weapons or throwing items.
You have sharp claws.
You have razor-sharp teeth.
You have supernaturally acute eyesight. (SInv)
You are carnivorous and can eat meat at any time.
You cover ground quickly.
You are covered in fur. (AC +1)
You have a slow metabolism.
Your sharp claws are effective at attacking unaware monsters.


Message History

You are very lightly contaminated with residual magic.
Your skin tingles.
The adder bites you.
Casting: Blink
Confirm with . or Enter, or press ? or * to list all spells.
You blink.
* * * LOW HITPOINT WARNING * * *
You feel sick.
It was a potion of degeneration.
There was something very wrong with that liquid.
You feel weakened.
You feel dopey.
You feel clumsy.
* * * LOW HITPOINT WARNING * * *
You feel sick.
* * * LOW HITPOINT WARNING * * *
You feel sick.
* * * LOW HITPOINT WARNING * * *
You feel sick.
You see here a dagger.
* * * LOW HITPOINT WARNING * * *
You feel sick.
You die...

############ #.....S..).#
..########.# ############
##########.#######
#..........###
#..........S.....#
#.########....
#.########.#####@# #.#
#........# #.# #.# #.# #.#
#.######.. ..# #.# #.# #.#
#.# #.. ###
#.#####.###.###.# #..
#######.....#.........####
#..
#.......#######.#######..#
#..
#.####....####...####....#
#.. #.#
##.....#..≈..#.....#####.
#.# #8..≈....≈....≈..8#.#
#.


You could see an adder.

Vanquished Creatures
  An ooze (D:1)
  A dart slug (D:1)
  2 giant geckos (D:1)
  3 bats (D:1)
  2 hobgoblins (D:1)
  5 jackals (D:1)
  A ball python (D:1)
  A giant newt (D:1)
  2 goblins (D:1)
  5 kobolds (D:1)
  2 rats (D:1)
25 creatures vanquished.

Notes
Turn   | Place    | Note
-------+----------+-------------------------------------------
     0 | D:1      | AlphabetPasta the Felid Warper began the quest for the Orb.
     0 | D:1      | Reached XP level 1. HP: 9/9 MP: 4/4
   258 | D:1      | Reached XP level 2. HP: 12/13 MP: 6/6
   262 | D:1      | Learned a level 2 spell: Blink
   265 | D:1      | Learned a level 2 spell: Shroud of Golubria
   288 | D:1      | Reached skill level 1 in Stealth
   690 | D:1      | Reached XP level 3. HP: 12/16 MP: 7/7
  1109 | D:2      | Found an iron altar of Okawaru.
  1143 | D:1      | Succumbed to an adder's poison

Vault maps used:
D:1:      eino_arrival_water_star
D:2:      xom_butterflies, okawaru_ov_weapons_minmay

Skill      XL: |  1  2 |
---------------+-------+-----
Stealth        | 1 |  1.1
Fighting       | |  2.4
Dodging        | |  3.4
Unarmed Combat | |  2.4
Spellcasting   | |  2.2
Translocations | |  4.7

Action                   || total
-------------------------++-------
Melee: Unarmed           ||    87
       Bite              ||     7
 Cast: Shroud of Golubri ||     1
       Blink             ||     1
  Use: Potion            ||     1
 Stab: Sleeping          ||     3
  Eat: Chunk             ||     8
Armor: Skin              ||     4
Dodge: Dodged            ||    63
